 Dungeon Crawl Stone Soup version 0.28-b1-1-g3c77fb2ed1 (webtiles) character file.

Game seed: 7953983253185548628

47 Descartes the Grave Robber (level 3, -4/19 HPs)
             Began as a Deep Elf Wanderer on Jan 30, 2022.
             Slain by an ogre (18 damage)
             ... on level 2 of the Dungeon.
             The game lasted 00:04:02 (2293 turns).

Descartes the Grave Robber (Deep Elf Wanderer)      Turns: 2293, Time: 00:04:03

Health: -4/19      AC:  2    Str: 12    XL:     3   Next: 48%
Magic:  1/7        EV: 11    Int: 18    God:
Gold:   65         SH:  5    Dex: 11    Spells: 4/5 levels left

rFire   . . .      SeeInvis .   g - +2 dagger (venom)
rCold   . . .      Faith    .   (no shield)
rNeg    . . .      Spirit   .   c - +0 robe
rPois   .          Reflect  +   (no helmet)
rElec   .          Harm     .   (no cloak)
rCorr   .          Rampage  .   (no gloves)
Will    .....                   (no boots)
Stlth   +.........              e - amulet of reflection
HPRegen 0.06/turn               (no ring)
MPRegen 0.10/turn               (no ring)

@: no status effects
A: no striking features
a: no special abilities


You were on level 2 of the Dungeon.
You visited 1 branch of the dungeon, and saw 2 of its levels.

You collected 65 gold pieces.

Inventory:

Hand Weapons
 g - a +2 dagger of venom (weapon)
Missiles
 h - 26 stones
 i - 6 arrows
 j - 2 poisoned darts
Armour
 c - a +0 robe (worn)
 f - a +0 helmet
Jewellery
 e - an amulet of reflection (around neck)
Wands
 b - a wand of flame (5)
Scrolls
 a - a scroll of magic mapping {unknown}
 d - 2 scrolls of blinking
 k - 2 scrolls of identify {unknown}
 m - 2 scrolls of teleportation {unknown}
Potions
 n - a potion of mutation {unknown}
 o - a potion of berserk rage {unknown}
 p - a potion of cancellation {unknown}


   Skills:
 - Level 2.4 Unarmed Combat
 - Level 1.5 Spellcasting
 + Level 4.8 Necromancy
 - Level 1.0 Invocations
 - Level 3.2 Evocations


You had 4 spell levels left.
You knew the following spells:

 Your Spells              Type           Power      Damage    Failure   Level
a - Pain                  Necr           72%        1d7       2%          1

Your spell library contained the following spells:

 Spells                   Type           Power      Damage    Failure   Level
 Vampiric Draining        Necr           18%        2d7       8%          3
 Dazzling Flash           Conj/Hex       2%         N/A       50%         3
 Agony                    Necr           18%        N/A       58%         5
 Silence                  Hex/Air        0%         N/A       99%         5


Dungeon Overview and Level Annotations

Branches:
Dungeon (2/15)

Altars:


Message History

Confirm with . or Enter, or press ? or * to list all spells.
Aiming: Pain (safe; 2% risk of failure)
Press: ? - help, Shift-Dir - straight line, f/p - goblin
Aim: a goblin, wielding a +0 club (moderately wounded, chance to affect: 88%)
The goblin writhes in agony.
You kill the goblin!
A hobgoblin comes into view.
Things that are here:
a +0 helmet; a hobgoblin corpse
f - a +0 helmet Keep equipping yourself? [Y]es or [N]o only, please.
Keep equipping yourself? [Y]es or [N]o only, please.
Keep equipping yourself? [Y]es or [N]o only, please.
Keep equipping yourself? [Y]es or [N]o only, please.
Keep equipping yourself? [Y]es or [N]o only, please.
Keep equipping yourself?
You stop putting on your armour.
Your magical contamination has completely faded away.
Casting: Pain (safe; 2% risk of failure)
Confirm with . or Enter, or press ? or * to list all spells.
Aiming: Pain (safe; 2% risk of failure)
Press: ? - help, Shift-Dir - straight line, f - ogre
Aim: an ogre, wielding a +0 giant spiked club (wandering, hasn't noticed you, chance to affect: 76%)
The ogre shouts!
The ogre writhes in agony.
The hobgoblin shouts!
Casting: Pain (safe; 2% risk of failure)
Confirm with . or Enter, or press ? or * to list all spells.
Aiming: Pain (safe; 2% risk of failure)
Press: ? - help, Shift-Dir - straight line, f/p - ogre
Aim: an ogre, wielding a +0 giant spiked club (lightly wounded, chance to affect: 76%)
The ogre writhes in agony.
The ogre hits you with a +0 giant spiked club!!
Ouch! That really hurt!
You die...

... #......†.....# ....
#....#'##....# ....
#.......#....# #(..
+.......#....#
#...###.......#....####
#...........#........
#.#....##....#####..##
#....##......###..##
#..@.##..........>##
#.)O.##.............
#..#####............
#... ............ .....
............ #.g...
............ .......
.......#.... ###...#
.......###.. #..


You could see an ogre and a hobgoblin.

Vanquished Creatures
  An adder (D:2)
  A worm (D:2)
  3 dart slugs
  A bat (D:2)
  3 endoplasms
  2 giant cockroaches (D:1)
  5 goblins
  3 hobgoblins
  2 ball pythons (D:1)
  A frilled lizard (D:1)
  2 kobolds (D:2)
  3 rats
27 creatures vanquished.

Vanquished Creatures (others)
  2 plants (D:2)
2 creatures vanquished.

Grand Total: 29 creatures vanquished

Notes
Turn   | Place    | Note
-------+----------+-------------------------------------------
     0 | D:1      | Descartes the Deep Elf Wanderer began the quest for the
                  | Orb.
     0 | D:1      | Descartes set off with the following items: a +0 dagger, a
                  | wand of flame (5), a +0 robe, 2 scrolls of blinking; and
                  | the following spell memorised: Pain; and the following
                  | spells available to memorise: Vampiric Draining
     0 | D:1      | Reached XP level 1. HP: 10/10 MP: 5/5
   184 | D:1      | Reached skill level 3 in Necromancy
   450 | D:1      | Reached XP level 2. HP: 9/15 MP: 1/6
  1223 | D:1      | Reached skill level 4 in Necromancy
  1793 | D:2      | Reached XP level 3. HP: 17/19 MP: 4/7
  2291 | D:2      | Noticed an ogre
  2293 | D:2      | Slain by an ogre

Illustrated notes

Levels and vault maps discovered:
D:1:      lemuel_arrival_funnel, layout_basic, chequers_mini_garden
D:2:      layout_basic, shapermc_ecumenical_altar_notcrosses, hex_intersection,
          chequers_serial_rivers_small_b, serial_bayou_ford_a

Skill      XL: |  1  2 |
---------------+-------+-----
Necromancy     | 3 4 |  4.8
Unarmed Combat | |  2.4
Spellcasting   | |  1.5
Invocations    | |  1.0
Evocations     | |  3.2

Action                   || total
-------------------------++-------
Melee: Dagger            ||     9
 Cast: Pain              ||    67
  Use: Potion            ||     2
Armor: Robe              ||     2
Dodge: Dodged            ||    10
Block: Other             ||     2
